 Dungeon Crawl Stone Soup version 0.31-a0-232-gb1c03b2570 (webtiles) character file.

Game seed: 9358075399012095366

6057 qw the Skirmisher (level 10, -13/94 HPs)
             Began as a Minotaur Hexslinger on July 7, 2023.
             Killed by vampiric draining
             ... invoked by a vampire
              (15 damage)
             ... on level 8 of the Dungeon.
             The game lasted 00:03:41 (8241 turns).

qw the Skirmisher (Minotaur Hexslinger)             Turns: 8241, Time: 00:03:41

Health: -13/94     AC:  6    Str: 17    XL:     10   Next: 57%
Magic:  10/10      EV: 15    Int:  9    God:
Gold:   99         SH:  0    Dex: 16    Spells: 10/11 levels left

rFire   + + +        o - +4 longbow (elec)
rCold   + + .        (shield currently unavailable)
rNeg    . . .        h - +1 robe {rC+ rF+}
rPois   .            g - +2 hat {Will+}
rElec   .            q - scarf {rC+ rF+}
rCorr   .            (no gloves)
SInv    .            (no boots)
Will    +....        (no amulet)
Stlth   +            (no ring)
HPRegen 0.35/turn    (no ring)
MPRegen 0.12/turn

%: no passive effects
@: no status effects
A: horns 2, retaliatory headbutt, fangs 1, fire resistance 1, shaggy fur 1,
strong 1
a: no special abilities


You were on level 8 of the Dungeon.
You visited 2 branches of the dungeon, and saw 10 of its levels.
You also visited: Sewer.

You collected 773 gold pieces.
You spent 674 gold pieces at shops.


Innate Abilities, Weirdness & Mutations

You have a pair of horns on your head.
You reflexively headbutt those who attack you in melee.
You have very sharp teeth.
Your flesh is heat resistant. (rF+)
You are covered in fur. (AC +1)
Your muscles are strong. (Str +4, Int/Dex -1)


   Skills:
 - Level 10.4 Fighting
 + Level 13.1 Ranged Weapons
 - Level 1.9 Armour
 - Level 6.8 Dodging
 - Level 1.0 Spellcasting
 - Level 2.0 Hexes


You had 10 spell levels left.
You knew the following spells:

 Your Spells              Type           Power      Damage    Failure   Level
a - Slow                  Hex            16%        N/A       16%         1

Your spell library contained the following spells:

 Spells                   Type           Power      Damage    Failure   Level
 Inner Flame              Hex/Fire       2%         N/A       58%         3
 Portal Projectile        Hex/Tloc       4%         N/A       58%         3
 Cause Fear               Hex            2%         N/A       85%         4

Inventory:

Hand Weapons
 o - a +4 longbow of electrocution (weapon)
Armour
 e - a +0 ring mail
 g - a +2 hat of willpower (worn)
 h - a +1 robe of resistance (worn)
 i - a +0 cloak
 q - a scarf of resistance (worn)
Wands
 p - a wand of digging (6)
Scrolls
 b - 3 scrolls of identify
 c - 3 scrolls of teleportation
Potions
 d - a potion of enlightenment
 f - 4 potions of mutation
 j - 2 potions of curing
 k - 2 potions of haste
 m - a potion of resistance
 n - a potion of might

Dungeon Overview and Level Annotations

Branches:
Dungeon (9/15)             Temple (1/1) D:7           Sewer (visited)
   Lair: D:8-11         Orc: D:9-12

Altars:
Cheibriados
Dithmenos
Elyvilon
Fedhas
Gozag
Kikubaaqudgha
Makhleb
Nemelex Xobeh
Qazlal
Ru
Sif Muna
Trog
Vehumet
Wu Jian
Xom
Yredelemnul
Zin
The Shining One

Shops:
D:6 ?   D:7 ?

Annotations:
D:7 1 runed translucent door, qw's ghost, novice GrFi


Message History

You climb downwards.
The vampire casts a spell.
The vampire flickers and vanishes!
Deactivating autopickup; reactivate with Ctrl-A.
The kobold completely misses you. You furiously retaliate!
You headbutt the kobold!
You kill the kobold!
Something hits you! Something bites you but does no damage.
There is a stone staircase leading up, spattered with blood here.
8231 ||| STAIRDANCE Something hits you but does no damage.
Something bites you but does no damage.
You climb upwards.
Reactivating autopickup.
There is a stone staircase leading down here.
You see here a ring of wizardry.
There is a strange disturbance nearby!
Something hits you!
Deactivating autopickup; reactivate with Ctrl-A.
Something bites you but does no damage.
You shoot an arrow. Something hits you. Something bites you.
Something draws strength from your injuries!
You shoot an arrow. Something hits you! Something bites you but does no damage.
You shoot an arrow. Something barely misses you. Something bites you!
Something draws strength from your injuries!
You shoot an arrow. Something draws life force from you!!
You shoot an arrow. Something hits you. Something completely misses you.
You shoot an arrow. Something hits you! Something bites you.
Something draws strength from your injuries!
You shoot an arrow. Something hits you. Something bites you!
Something draws strength from your injuries!
You shoot an arrow. Something draws life force from you!
You die...

### ##.#############
###.#...........[#
#..###.....#####.#
#.#####.##.#####.########
#..##...##............(.#
#.#.#.#...{......######.#
# #..........@###..# #.#
## ####.######.###..# #.#
#. #.# #...)..######.###.
#.# #..)..........##..
#.# ##.)..#.##<....#...
#.# #.)#.##.#..........
#.# #(##.##............
#.# #.##.##............
#.# #.##.###...........


There were no monsters in sight!

Vanquished Creatures
  Gastronok (D:8)
  A two-headed ogre (D:8)
  Pikel (D:7)
  Prince Ribbit (D:5)
  A wyvern (D:8)
  A steam dragon (D:7)
  2 water moccasins (D:7)
  4 ice beasts (D:7)
  2 orc warriors (D:8)
  2 sky beasts
  3 black bears
  An ogre (D:7)
  2 centaurs (D:8)
  A lemure (D:7)
  3 phantoms
  4 kobold brigands
  A bullfrog (D:6)
  A gnoll sergeant (D:8)
  3 scorpions
  3 howler monkeys (D:8)
  3 hounds
  A jelly (D:4)
  A gnoll bouda (D:5)
  6 orc priests
  2 sleepcaps
  5 iguanas
  6 orc wizards
  13 gnolls
  12 adders
  A shadow imp (D:7)
  3 ufetubi
  3 worms
  2 dart slugs
  24 orcs
  7 ball pythons
  7 bats
  13 endoplasms
  8 giant cockroaches
  10 hobgoblins
  43 kobolds
  11 quokkas
  4 frilled lizards
  10 goblins
  23 rats
256 creatures vanquished.

Notes
Turn   | Place    | Note
-------+----------+-------------------------------------------
     0 | D:1      | qw the Minotaur Hexslinger began the quest for the Orb.
     0 | D:1      | Reached XP level 1. HP: 16/16 MP: 1/1
     0 | D:1      | 0 ||| qw: Version: 0.3-a-46-gb1f654a
     0 | D:1      | 0 ||| qw: Game counter: 2857
     0 | D:1      | 0 ||| qw: Melee chars always use a shield: true
     0 | D:1      | 0 ||| qw: God list: Okawaru
     0 | D:1      | 0 ||| qw: Allow faded altars: false
     0 | D:1      | 0 ||| qw: Do Orc after clearing Dungeon:15 true
     0 | D:1      | 0 ||| qw: Do second Lair branch before Depths: true
     0 | D:1      | 0 ||| qw: Lair rune preference: random
     0 | D:1      | 0 ||| qw: Goals: Normal
     0 | D:1      | 0 ||| PLANNING D:1-11
    43 | D:1      | Reached skill level 3 in Ranged Weapons
    49 | D:1      | Reached XP level 2. HP: 23/23 MP: 2/2
   269 | D:1      | Reached XP level 3. HP: 29/29 MP: 3/3
   912 | D:1      | 912 ||| UPGRADING to +1 robe of resistance.
   922 | D:1      | 922 ||| DROPPING +0 robe.
   923 | D:1      | 923 ||| UPGRADING to +0 cloak.
   928 | D:1      | 928 ||| READING 2 scrolls labelled YPTODU SOEPUTAUFOU.
   929 | D:1      | 929 ||| READING scroll labelled BUAPHO GENUIV.
   934 | D:1      | 934 ||| READING scroll labelled OCWAN XAIWOPH.
   935 | D:1      | 935 ||| DROPPING scroll of fear.
   936 | D:1      | 936 ||| DROPPING scroll of poison.
   970 | D:2      | Reached skill level 4 in Ranged Weapons
  1009 | D:2      | 1009 ||| FLEEEEING.
  1060 | D:2      | Found a glowing silver altar of Zin.
  1111 | D:2      | Reached XP level 4. HP: 36/36 MP: 4/4
  1145 | D:2      | Identified the +0 trident of Beplis {protect, *Noise Drain
                  | Int+7 Stlth+}
  1636 | D:2      | 1636 ||| DRINKING 2 ruby potions.
  1636 | D:2      | Gained mutation: You have very sharp teeth. [potion of
                  | mutation]
  1636 | D:2      | Gained mutation: You are covered in fur. (AC +1) [potion of
                  | mutation]
  1636 | D:2      | Gained mutation: Your flesh is heat resistant. (rF+)
                  | [potion of mutation]
  1636 | D:2      | Gained mutation: Your muscles are strong. (Str +4, Int/Dex
                  | -1) [potion of mutation]
  1652 | D:3      | 1652 ||| PLANNING SEWER
  1662 | D:3      | Reached skill level 5 in Ranged Weapons
  1747 | D:3      | Found a faded altar of an unknown god.
  1822 | D:3      | Found a shimmering altar of Xom.
  1991 | D:3      | Found a glowing drain.
  1992 | D:3      | 1992 ||| DRINKING 2 blue potions.
  1993 | D:3      | 1993 ||| DROPPING potion of brilliance.
  1999 | D:3      | 1999 ||| Stepping ~*~*~tactically~*~*~ (water).
  2015 | Sewer    | Entered a sewer
  2041 | Sewer    | Reached skill level 3 in Fighting
  2144 | Sewer    | 2144 ||| Stepping ~*~*~tactically~*~*~ (water).
  2170 | Sewer    | Reached XP level 5. HP: 43/45 MP: 5/5
  2197 | Sewer    | 2197 ||| Stepping ~*~*~tactically~*~*~ (outnumbered).
  2198 | Sewer    | 2198 ||| Stepping ~*~*~tactically~*~*~ (outnumbered).
  2199 | Sewer    | 2199 ||| Stepping ~*~*~tactically~*~*~ (outnumbered).
  2298 | Sewer    | 2298 ||| READING scroll labelled UBRUNW YCYTO.
  2299 | Sewer    | 2299 ||| DRINKING 2 bubbling yellow potions.
  2300 | Sewer    | 2300 ||| DROPPING potion of invisibility.
  2315 | D:3      | 2315 ||| PLANNING D:1-11
  2355 | D:3      | Found a sacrificial altar of Ru.
  2368 | D:3      | Reached skill level 6 in Ranged Weapons
  2416 | D:3      | Reached XP level 6. HP: 30/52 MP: 6/6
  2974 | D:3      | 2974 ||| READING 2 scrolls labelled ZOSYUR RELU.
  2975 | D:3      | 2975 ||| READING scroll labelled GEALEUK BULIBAIV.
  2976 | D:3      | 2976 ||| DRINKING 3 amethyst potions.
  3081 | D:3      | 3081 ||| DROPPING 2 potions of berserk rage.
  3082 | D:3      | 3082 ||| DROPPING scroll of immolation.
  3126 | D:4      | You fall into a shaft and drop 1 floor!
  3126 | D:5      | Entered Level 5 of the Dungeon
  3300 | D:4      | Reached skill level 7 in Ranged Weapons
  3719 | D:4      | Reached XP level 7. HP: 57/59 MP: 7/7
  3762 | D:4      | Reached skill level 8 in Ranged Weapons
  3951 | D:4      | 3951 ||| FLEEEEING.
  3952 | D:4      | 3952 ||| FLEEEEING.
  3953 | D:4      | 3953 ||| FLEEEEING.
  3954 | D:4      | 3954 ||| FLEEEEING.
  3955 | D:4      | 3955 ||| FLEEEEING.
  3956 | D:4      | 3956 ||| FLEEEEING.
  3957 | D:4      | 3957 ||| FLEEEEING.
  3958 | D:4      | 3958 ||| FLEEEEING.
  3959 | D:4      | 3959 ||| FLEEEEING.
  3960 | D:4      | 3960 ||| FLEEEEING.
  3969 | D:4      | 3969 ||| STAIRDANCE
  4016 | D:3      | 4016 ||| READING scroll labelled UNUATTY MIGAK.
  4301 | D:4      | 4301 ||| READING 2 scrolls of identify.
  4301 | D:4      | 4301 ||| IDENTIFYING emerald potion
  4312 | D:4      | Reached skill level 3 in Dodging
  4475 | D:4      | 4475 ||| DRINKING 2 puce potions.
  4476 | D:4      | 4476 ||| DROPPING potion of attraction.
  4550 | D:5      | Found a radiant altar of Vehumet.
  4685 | D:5      | Noticed Prince Ribbit
  4699 | D:5      | 4699 ||| FLEEEEING.
  4700 | D:5      | 4700 ||| FLEEEEING.
  4701 | D:5      | 4701 ||| FLEEEEING.
  4711 | D:5      | Killed Prince Ribbit
  4712 | D:5      | Reached skill level 9 in Ranged Weapons
  4712 | D:5      | Reached XP level 8. HP: 38/68 MP: 8/8
  4724 | D:5      | Reached skill level 1 in Armour
  4750 | D:5      | 4750 ||| FLEEEEING.
  4760 | D:5      | 4760 ||| STAIRDANCE
  4855 | D:4      | 4855 ||| READING scroll labelled PEGHARO TEUCIE.
  4862 | D:5      | 4862 ||| FLEEEEING.
  4863 | D:5      | 4863 ||| FLEEEEING.
  4864 | D:5      | 4864 ||| FLEEEEING.
  4865 | D:5      | 4865 ||| STAIRDANCE
  4969 | D:5      | 4969 ||| STAIRDANCE
  5022 | D:5      | 5022 ||| STAIRDANCE
  5100 | D:4      | 5100 ||| READING 2 scrolls of identify.
  5100 | D:4      | 5100 ||| IDENTIFYING glowing red potion
  5107 | D:5      | Found a snail-covered altar of Cheibriados.
  5273 | D:5      | Reached skill level 6 in Fighting
  5465 | D:5      | Reached skill level 10 in Ranged Weapons
  5587 | D:5      | 5587 ||| DROPPING +6 ring of intelligence.
  5588 | D:5      | 5588 ||| READING scroll labelled GEVEGE IFASH.
  6071 | D:6      | Found Ogismawn's Magic Scroll Emporium.
  6083 | D:6      | 6083 ||| BUYING scroll of acquirement (624 gold).
  6083 | D:6      | Bought a scroll of acquirement for 624 gold pieces
  6083 | D:6      | 6083 ||| SHOPLISTING scroll of acquirement (624 gold, have
                  | 40).
  6083 | D:6      | 6083 ||| SHOPLISTING scroll of enchant armour (90 gold,
                  | have 40).
  6083 | D:6      | 6083 ||| BUYING scroll of identify (24 gold).
  6083 | D:6      | Bought a scroll of identify for 24 gold pieces
  6083 | D:6      | 6083 ||| READING scroll of acquirement.
  6083 | D:6      | 6083 ||| ACQUIRING +4 longbow of electrocution
  6083 | D:6      | Acquired a +4 longbow of electrocution
  6085 | D:6      | 6085 ||| SWAPPING to +4 longbow of electrocution.
  6086 | D:6      | 6086 ||| DROPPING +2 sling.
  6219 | D:6      | Reached XP level 9. HP: 76/79 MP: 9/9
  6274 | D:6      | 6274 ||| UPGRADING to +1 hat.
  6279 | D:6      | 6279 ||| DRINKING 3 green potions.
  6280 | D:6      | 6280 ||| READING 4 scrolls of identify.
  6280 | D:6      | 6280 ||| IDENTIFYING dark potion
  6281 | D:6      | 6281 ||| READING 3 scrolls of identify.
  6281 | D:6      | 6281 ||| IDENTIFYING cyan potion
  6282 | D:6      | 6282 ||| READING 2 scrolls of identify.
  6282 | D:6      | 6282 ||| IDENTIFYING white potion
  6283 | D:6      | 6283 ||| DROPPING potion of lignification.
  6299 | D:7      | Found Paicap's Magic Scroll Emporium.
  6302 | D:7      | 6302 ||| SHOPLISTING scroll of enchant armour (97 gold,
                  | have 31).
  6302 | D:7      | 6302 ||| SHOPLISTING scroll of enchant weapon (97 gold,
                  | have 31).
  6302 | D:7      | 6302 ||| BUYING scroll of identify (26 gold).
  6302 | D:7      | Bought a scroll of identify for 26 gold pieces
  6302 | D:7      | 6302 ||| SHOPLISTING scroll of identify (26 gold, have 5).
  6302 | D:7      | 6302 ||| SHOPLISTING scroll of teleportation (39 gold, have
                  | 5).
  6435 | D:7      | Reached skill level 11 in Ranged Weapons
  6443 | D:7      | Found a staircase to the Ecumenical Temple.
  6444 | D:7      | 6444 ||| PLANNING TEMPLE
  6452 | Temple   | Entered the Ecumenical Temple
  6507 | Temple   | 6507 ||| PLANNING D:1-11
  6595 | D:7      | Noticed Pikel
  6603 | D:7      | Killed Pikel
  6741 | D:7      | Reached skill level 12 in Ranged Weapons
  7197 | D:7      | Found a runed translucent door.
  7197 | D:7      | Noticed qw's ghost (novice GrFi)
  7197 | D:7      | Noticed a two-headed ogre
  7200 | D:7      | 7200 ||| DROPPING ring of flight.
  7283 | D:8      | Reached skill level 13 in Ranged Weapons
  7289 | D:8      | Reached XP level 10. HP: 88/89 MP: 10/10
  7354 | D:8      | Noticed Gastronok
  7367 | D:8      | Killed Gastronok
  7470 | D:8      | Noticed a two-headed ogre
  7478 | D:8      | Killed a two-headed ogre
  7479 | D:8      | Reached skill level 6 in Dodging
  7990 | D:8      | 7990 ||| UPGRADING to +2 hat of willpower.
  8000 | D:8      | 8000 ||| DROPPING +1 hat.
  8001 | D:8      | 8001 ||| UPGRADING to scarf of resistance.
  8066 | D:9      | 8066 ||| Stepping ~*~*~tactically~*~*~ (outnumbered).
  8068 | D:9      | 8068 ||| Stepping ~*~*~tactically~*~*~ (outnumbered).
  8083 | D:9      | 8083 ||| FLEEEEING.
  8084 | D:9      | 8084 ||| FLEEEEING.
  8085 | D:9      | 8085 ||| FLEEEEING.
  8086 | D:9      | 8086 ||| FLEEEEING.
  8087 | D:9      | 8087 ||| FLEEEEING.
  8088 | D:9      | 8088 ||| FLEEEEING.
  8089 | D:9      | 8089 ||| FLEEEEING.
  8089 | D:9      | HP: 19/94 [something (10)]
  8090 | D:9      | 8090 ||| READING 4 scrolls of teleportation.
  8090 | D:9      | HP: 3/94 [something (12)]
  8091 | D:9      | 8091 ||| DRINKING 2 potions of heal wounds.
  8092 | D:9      | 8092 ||| DRINKING potion of heal wounds.
  8093 | D:9      | 8093 ||| FLEEEEING.
  8094 | D:9      | 8094 ||| STAIRDANCE
  8228 | D:8      | 8228 ||| DROPPING ring of wizardry.
  8231 | D:9      | 8231 ||| STAIRDANCE
  8239 | D:8      | HP: 16/94 [something (11)]
  8240 | D:8      | HP: 2/94 [something (7)]
  8241 | D:8      | Killed from afar by a vampire

Levels and vault maps discovered:
D:1:      onia_arrival_handbag, layout_basic
D:2:      layout_loops_ring, basic_altar, solitary_fountain
D:3:      cheibrodos_thug_alley, layout_basic,
          mainiacjoe_overflow_cross_hatched, lemuel_tele_altar,
          ebering_ecumenical_altar_box, portal_sewer_entry_f, minmay_rat_hole
D:4:      minmay_polygon_palace, layout_loops_ring,
          ebering_dispersal_statue_hall
D:5:      layout_rooms, cheibriados_altar_1, nicolae_vehumet_radiance,
          serial_corexii_hall, chequers_hall_statues_wall_a,
          chequers_hall_statues_y, kennysheep_crisscross,
          chequers_serial_rivers_large_a, nicolae_zen_rock_garden,
          uniq_prince_ribbit1
D:6:      layout_basic, serial_shops, shop
D:7:      layout_gridville, minmay_temple_entry_glass,
          ebering_ghost_inner_flame, nicolae_stop_n_shop_1,
          corexii_leaking_fountain, minmay_misc_feat_more_columns, uniq_pikel
D:8:      layout_loops_ring, uniq_gastronok
D:9:      layout_small_grid, orc_0_dummy
Temple:   eino_temple_lava

Skill      XL: |  1  2  3  4  5  6  7  8  9 10 |
---------------+-------------------------------+-----
Ranged Weapons | 3 4 5 6 7 9 10 13 | 13.1
Fighting       | 2 3 4 5 7 8 10 | 10.4
Dodging        | 3 4 5 6 |  6.8
Armour         | 1 |  1.9
Spellcasting   | |  1.0
Hexes          | |  2.0

Action                     |  1- 3 |  4- 6 |  7- 9 | 10-12 || total
---------------------------+-------+-------+-------+-------++-------
   Fire: Sling             |   125 |   308 |   262 |       ||   695
         Longbow           |       |       |   115 |    64 ||   179
    Use: Scroll            |     3 |     3 |     9 |     1 ||    16
         Potion            |       |     4 |     2 |     2 ||     8
 Armour: Robe              |     8 |    52 |    21 |    12 ||    93
  Dodge: Dodged            |    35 |   117 |    87 |    16 ||   255

Table legend:
 A = Non-vault XP
 B = Vault XP
 C = Vault XP percentage of total XP
 D = Non-vault monster count
 E = Vault monster count
 F = Vault count percentage of total count
                 A         B        C        D         E       F
            +---------+---------+-------+---------+---------+-------
      Total |    5474 |    3180 |  36.7 |     175 |      80 |  31.4
            +---------+---------+-------+---------+---------+-------
        D:1 |      54 |       7 |  11.5 |      33 |       4 |  10.8
        D:2 |      71 |       0 |   0.0 |      19 |       0 |   0.0
        D:3 |      20 |     146 |  88.0 |       8 |      36 |  81.8
        D:4 |     497 |     336 |  40.3 |      24 |      18 |  42.9
        D:5 |     626 |     277 |  30.7 |      19 |       1 |   5.0
        D:6 |     565 |     103 |  15.4 |      24 |       1 |   4.0
        D:7 |    1330 |     663 |  33.3 |      12 |       1 |   7.7
        D:8 |    2202 |    1523 |  40.9 |      30 |       1 |   3.2
        D:9 |     109 |       0 |   0.0 |       6 |       0 |   0.0
      Sewer |       0 |     125 | 100.0 |       0 |      18 | 100.0
            +---------+---------+-------+---------+---------+-------
